 Seeded DCSS version 0.30.0-19-g36f170ea60 (webtiles) character file.

Game seed: 11795929474085840187 (custom seed)

46 bmack86 the Chopper (level 3, -11/31 HPs)
             Began as a Minotaur Fighter on May 31, 2023.
             Killed by divine providence
             ... invoked by an orc priest
              (14 damage)
             ... on level 2 of the Dungeon.
             The game lasted 00:01:23 (604 turns).

bmack86 the Chopper (Minotaur Fighter)               Turns: 604, Time: 00:01:24

Health: -11/31     AC:  6    Str: 22    XL:     3   Next: 46%
Magic:  2/2        EV:  9    Int:  5    God:
Gold:   28         SH:  4    Dex:  9    Spells: 2/2 levels left

rFire   . . .        a - +0 war axe
rCold   . . .        c - +0 buckler
rNeg    . . .        b - +0 scale mail
rPois   .            (helmet restricted)
rElec   .            (no cloak)
rCorr   +            (no gloves)
SInv    .            (no boots)
Will    .....        (no amulet) Stlth
                     g - ring of resist corrosion
HPRegen 0.25/turn    (no ring)
MPRegen 0.08/turn

%: no passive effects
@: no status effects
A: horns 2, retaliatory headbutt
a: no special abilities


You were on level 2 of the Dungeon.
You visited 1 branch of the dungeon, and saw 2 of its levels.

You collected 28 gold pieces.

Inventory:

Hand Weapons
 a - a +0 war axe (weapon)
Armour
 b - a +0 scale mail (worn)
 c - a +0 buckler (worn)
Jewellery
 g - a ring of resist corrosion (left hand)
Scrolls
 e - a scroll of identify {unknown}
 f - 3 scrolls of poison {unknown}
Potions
 d - a potion of might
 h - a potion of magic {unknown}
 i - a potion of brilliance {unknown}
 j - a potion of lignification {unknown}


   Skills:
 - Level 3.6 Fighting
 + Level 4.8 Axes
 - Level 3.6 Armour
 - Level 3.6 Shields


You had 2 spell levels left.
You didn't know any spells.
Your spell library was empty.

Dungeon Overview and Level Annotations

Branches:
Dungeon (2/15)

Altars:


Innate Abilities, Weirdness & Mutations

You have a pair of horns on your head.
You reflexively headbutt those who attack you in melee.


Message History

The adder is moderately wounded.
The adder bites you but does no damage. The adder closely misses you.
You slash the adder!
You kill the adder!
The orc misses you.
You hit the orc but do no damage. Your headbutt misses the orc.
The orc closely misses you. You furiously retaliate!
You headbutt the orc.
An orc comes into view. It is wielding a +0 mace.
You barely miss the orc. Your headbutt misses the orc.
The orc is almost dead.
The orc closely misses you.
You closely miss the orc. You headbutt the orc.
You kill the orc!
The endoplasm hits you but does no damage.
You hit the endoplasm.
The endoplasm is heavily wounded.
The endoplasm freezes you.
You are frozen.
You slash the endoplasm!
You kill the endoplasm!
You barely miss the orc priest. You block the orc priest's attack.
You closely miss the orc priest. You headbutt the orc priest.
The orc priest is moderately wounded.
The orc priest barely misses you.
You slash the orc priest!
The orc priest is almost dead.
The orc priest hits you with a +0 falchion.
* * * LOW HITPOINT WARNING * * *
You closely miss the orc. The orc hits you but does no damage.
You closely miss the orc. You headbutt the orc.
The orc is almost dead.
The orc hits you with a +0 mace.
* * * LOW HITPOINT WARNING * * *
You closely miss the orc.
The orc is almost dead.
The orc hits you with a +0 mace.
* * * LOW HITPOINT WARNING * * *
The orc priest calls down the wrath of Beogh upon you.
Beogh smites you!
You die...

... # .. #... #.#.
#.!. #####$.##
.....!.o############
#Jo@.........#
#.>.####..####.#
#.### ##...###.# #.
#.....##.# #
##....##.#
##.....<.†###
#............#
#....#~##.†..#
....###≈≈#~#..#


You could see an orc priest, an orc and an endoplasm.

Vanquished Creatures
  An adder (D:2)
  2 dart slugs
  An orc (D:2)
  2 bats (D:1)
  5 endoplasms
  A giant cockroach (D:1)
  3 goblins
  2 hobgoblins (D:1)
  5 kobolds (D:1)
  3 ball pythons
  2 frilled lizards (D:1)
  2 rats (D:1)
29 creatures vanquished.

Notes
Turn   | Place    | Note
-------+----------+-------------------------------------------
     0 | D:1      | bmack86 the Minotaur Fighter began the quest for the Orb.
     0 | D:1      | Reached XP level 1. HP: 19/19 MP: 0/0
    75 | D:1      | Reached skill level 3 in Axes
    84 | D:1      | Reached XP level 2. HP: 26/26 MP: 1/1
   346 | D:1      | Reached skill level 4 in Axes
   469 | D:1      | Reached XP level 3. HP: 31/31 MP: 2/2
   604 | D:2      | Killed from afar by an orc priest

Illustrated notes

Levels and vault maps discovered:
D:1:      amcnicky_arrival_blooded_trapdoor, layout_rooms, minmay_pentomino_z2
D:2:      layout_loops_cross, basic_altar, minivault_4

Skill      XL: |  1  2 |
---------------+-------+-----
Axes           | 3 4 |  4.8
Fighting       | |  3.6
Armour         | |  3.6
Shields        | |  3.6

Action                     || total
---------------------------++-------
  Melee: War axe           ||    57
         Headbutt          ||     9
 Armour: Scale mail        ||    22
  Dodge: Dodged            ||    29
  Block: Buckler           ||     8
